ITL
TOPEKA TORNADOS @ OTSEGO BULLDOGS
07/16/2026
 
TOP OF THE 1ST
Topeka Tornados batting - Pitching for Otsego Bulldogs : RHP Germán Pérez
Pitching: RHP Germán Pérez
Batting: RHB Armando Méndez 0-0: Called Strike
0-1: Called Strike
0-2: Foul Ball, location: 2F
0-2: Strikes out swinging
Batting: LHB Morgan Wright 0-0: Ball
1-0: Ball
2-0: Called Strike
2-1: Called Strike
2-2: Ball
3-2: Base on Balls
Batting: RHB Alberto Campos 0-0: Foul Ball, location: 2F
0-1: Called Strike
0-2: Hit by Pitch
Morgan Wright to second
Batting: SHB Martín Medina 0-0: Called Strike
0-1: Ball
1-1: Ball
2-1: Foul Ball, location: 2F
2-2: Foul Ball, location: 2F
2-2: Foul Ball, location: 2F
2-2: Foul Ball, location: 2F
2-2: Fly out, F7 (Flyball, 7LS)
Batting: LHB Yoshiaki Ohayashi 0-0: Ball
1-0: Foul Ball, location: 2F
1-1: Foul Ball, location: 2F
1-2: Strikes out looking
Top of the 1st over - 0 run(s), 0 hit(s), 0 error(s), 2 left on base; Topeka 0 - Otsego 0
BOTTOM OF THE 1ST
Otsego Bulldogs batting - Pitching for Topeka Tornados : RHP Hyo-chin Ch'oe
Pitching: RHP Hyo-chin Ch'oe
Batting: LHB Mario Cornelo 0-0: Ball
1-0: Ball
2-0: Ball
3-0: Base on Balls
Batting: RHB Armando Cuevas 0-0: Ball
1-0: Fly out, F7 (Flyball, 7D)
Batting: LHB George Wood 0-0: Ball
1-0: Ball
Mario Cornelo steals 2nd base
2-0: Ball
3-0: Base on Balls
Batting: RHB Cristo García 0-0: Called Strike
0-1: Called Strike
0-2: Ball
1-2: Foul Ball, location: 2F
1-2: Grounds into double play, 6-4-3 (Groundball, 6M)
Bottom of the 1st over - 0 run(s), 0 hit(s), 0 error(s), 1 left on base; Topeka 0 - Otsego 0
TOP OF THE 2ND
Topeka Tornados batting - Pitching for Otsego Bulldogs : RHP Germán Pérez
Batting: RHB Bob Hall 0-0: Ball
1-0: Ball
2-0: Swinging Strike
2-1: Foul Ball, location: 2F
2-2: Ball
3-2: Fly out, F7 (Line Drive, 78D)
Batting: RHB Don Thomas 0-0: Ball
1-0: Ball
2-0: Ball
3-0: Base on Balls
Batting: RHB Gabriel Santana 0-0: Ball
1-0: Ball
2-0: SINGLE (Groundball, 34D)
Don Thomas to second
Runner from 2nd tries for 3rd, SAFE, throw made to third
Batting: LHB Ramón Pérez 0-0: Ball
1-0: Foul Ball, location: 2F
1-1: Ball
2-1: Ball
3-1: Called Strike
3-2: SINGLE (Line Drive, 6M)
Don Thomas scores
Gabriel Santana to second
Batting: RHB Armando Méndez 0-0: Called Strike
0-1: Grounds into double play, 6-4-3 (Groundball, 6M)
Top of the 2nd over - 1 run(s), 2 hit(s), 0 error(s), 1 left on base; Topeka 1 - Otsego 0
BOTTOM OF THE 2ND
Otsego Bulldogs batting - Pitching for Topeka Tornados : RHP Hyo-chin Ch'oe
Batting: RHB Jim Beck 0-0: Called Strike
0-1: Called Strike
0-2: Ball
1-2: Foul Ball, location: 2F
1-2: Strikes out looking
Batting: RHB Felipe Rego 0-0: Ground out 5-3 (Groundball, 5L)
Batting: RHB Juan Pérez 0-0: Swinging Strike
0-1: Ball
1-1: Swinging Strike
1-2: Strikes out looking
Bottom of the 2nd over - 0 run(s), 0 hit(s), 0 error(s), 0 left on base; Topeka 1 - Otsego 0
TOP OF THE 3RD
Topeka Tornados batting - Pitching for Otsego Bulldogs : RHP Germán Pérez
Batting: LHB Morgan Wright 0-0: DOUBLE (Line Drive, 9LD)
Batting: RHB Alberto Campos 0-0: Called Strike
0-1: Ball
1-1: Ball
2-1: Ground out 5-3 (Groundball, 5L)
Batting: SHB Martín Medina 0-0: Foul Ball, location: 2F
0-1: Ground out 4-3 (Groundball, 4)
Morgan Wright to third
Batting: LHB Yoshiaki Ohayashi 0-0: Called Strike
0-1: Swinging Strike
0-2: Foul Ball, location: 2F
0-2: Strikes out swinging
Top of the 3rd over - 0 run(s), 1 hit(s), 0 error(s), 1 left on base; Topeka 1 - Otsego 0
BOTTOM OF THE 3RD
Otsego Bulldogs batting - Pitching for Topeka Tornados : RHP Hyo-chin Ch'oe
Batting: RHB Kyung-bok Cho 0-0: Ball
1-0: Called Strike
1-1: Ball
2-1: Ball
3-1: Foul Ball, location: 2F
3-2: Base on Balls
Batting: LHB Martin Davis 0-0: Ball
1-0: Ball
2-0: Ball
3-0: Called Strike
3-1: Foul Ball, location: 2F
3-2: Foul Ball, location: 2F
3-2: SINGLE (Groundball, 34D)
Kyung-bok Cho to second
Kyung-bok Cho to third
Batting: LHB Mario Cornelo 0-0: Called Strike
0-1: Ball
1-1: Ball
2-1: Fly out, F5 (Popup, 5)
Batting: RHB Armando Cuevas 0-0: Foul Ball, location: 2F
0-1: Ball
1-1: Swinging Strike
1-2: Strikes out swinging
Batting: LHB George Wood 0-0: Ball
1-0: Ball
2-0: Fielders Choice at 2nd, 6-4 (Groundball, 6)
Bottom of the 3rd over - 0 run(s), 1 hit(s), 0 error(s), 1 left on base; Topeka 1 - Otsego 0
TOP OF THE 4TH
Topeka Tornados batting - Pitching for Otsego Bulldogs : RHP Germán Pérez
Batting: RHB Bob Hall 0-0: Called Strike
0-1: Called Strike
0-2: Strikes out looking
Batting: RHB Don Thomas 0-0: Ball
1-0: Swinging Strike
1-1: SOLO HOME RUN (Flyball, 78XD), Distance : 417 ft
Batting: RHB Gabriel Santana 0-0: Swinging Strike
0-1: Ball
1-1: Ball
2-1: Foul Ball, location: 2F
2-2: Foul Ball, location: 2F
2-2: Strikes out swinging
Batting: LHB Ramón Pérez 0-0: Ball
1-0: DOUBLE (Line Drive, 7LM)
Batting: RHB Armando Méndez 0-0: DOUBLE (Groundball, 5L)
Ramón Pérez scores
Batting: LHB Morgan Wright 0-0: Ball
1-0: Ground out U3 (Groundball, 3)
Top of the 4th over - 2 run(s), 3 hit(s), 0 error(s), 1 left on base; Topeka 3 - Otsego 0
BOTTOM OF THE 4TH
Otsego Bulldogs batting - Pitching for Topeka Tornados : RHP Hyo-chin Ch'oe
Batting: RHB Cristo García 0-0: Ball
1-0: Fly out, F7 (Line Drive, 7S)
Batting: RHB Jim Beck 0-0: Called Strike
0-1: Ball
1-1: Ball
2-1: Foul Ball, location: 2F
2-2: Ball
3-2: Foul Ball, location: 2F
3-2: Foul Ball, location: 2F
3-2: Base on Balls
Batting: RHB Felipe Rego 0-0: Swinging Strike
0-1: Ball
1-1: 2-RUN HOME RUN (Flyball, 7D), Distance : 381 ft
Batting: RHB Juan Pérez 0-0: SINGLE (Line Drive, 78M)
Batting: RHB Kyung-bok Cho 0-0: Called Strike
0-1: Ball
1-1: Ball
2-1: Grounds into double play, 4-6-3 (Groundball, 4)
Bottom of the 4th over - 2 run(s), 2 hit(s), 0 error(s), 0 left on base; Topeka 3 - Otsego 2
TOP OF THE 5TH
Topeka Tornados batting - Pitching for Otsego Bulldogs : RHP Germán Pérez
Batting: RHB Alberto Campos 0-0: Called Strike
0-1: Ground out 6-3 (Groundball, 6M)
Batting: SHB Martín Medina 0-0: Ball
1-0: Fly out, F5 (Popup, 5SF)
Batting: LHB Yoshiaki Ohayashi 0-0: Called Strike
0-1: Swinging Strike
0-2: Foul Ball, location: 2F
0-2: Ball
1-2: Strikes out looking
Top of the 5th over - 0 run(s), 0 hit(s), 0 error(s), 0 left on base; Topeka 3 - Otsego 2
BOTTOM OF THE 5TH
Otsego Bulldogs batting - Pitching for Topeka Tornados : RHP Hyo-chin Ch'oe
Batting: LHB Martin Davis 0-0: Ball
1-0: Ball
2-0: Foul Ball, location: 2F
2-1: Called Strike
2-2: Fly out, F7 (Flyball, 7M)
Batting: LHB Mario Cornelo 0-0: Called Strike
0-1: Ball
1-1: Ground out 1-3 (Groundball, 23)
Batting: RHB Armando Cuevas 0-0: Called Strike
0-1: Ball
1-1: Called Strike
1-2: Foul Ball, location: 2F
1-2: Strikes out looking
Bottom of the 5th over - 0 run(s), 0 hit(s), 0 error(s), 0 left on base; Topeka 3 - Otsego 2
TOP OF THE 6TH
Topeka Tornados batting - Pitching for Otsego Bulldogs : RHP Germán Pérez
Batting: RHB Bob Hall 0-0: Called Strike
0-1: Fly out, F9 (Line Drive, 9S)
Pitching: LHP Jeff Hardin
Batting: RHB Don Thomas 0-0: Called Strike
0-1: Swinging Strike
0-2: Ball
1-2: Foul Ball, location: 2F
1-2: Strikes out swinging
Batting: RHB Gabriel Santana 0-0: Ball
1-0: Foul Ball, location: 2F
1-1: Called Strike
1-2: Ball
2-2: Ball
3-2: Fly out, F6 (Line Drive, 56)
Top of the 6th over - 0 run(s), 0 hit(s), 0 error(s), 0 left on base; Topeka 3 - Otsego 2
BOTTOM OF THE 6TH
Otsego Bulldogs batting - Pitching for Topeka Tornados : RHP Hyo-chin Ch'oe
Batting: LHB George Wood 0-0: Called Strike
0-1: Ball
1-1: Ball
2-1: Ball
3-1: Foul Ball, location: 2F
3-2: Foul Ball, location: 2F
3-2: SINGLE (Groundball, 4MD)
Pitching: RHP Masamichi Samurakami
Batting: RHB Cristo García 0-0: Foul Ball, location: 2F
0-1: Foul Ball, location: 2F
0-2: Foul Ball, location: 2F
0-2: Strikes out swinging
Batting: RHB Jim Beck 0-0: Called Strike
0-1: Called Strike
0-2: Ball
1-2: Strikes out swinging
Batting: RHB Felipe Rego 0-0: Ball
1-0: Called Strike
1-1: Ball
2-1: Swinging Strike
2-2: Strikes out swinging
Bottom of the 6th over - 0 run(s), 1 hit(s), 0 error(s), 1 left on base; Topeka 3 - Otsego 2
TOP OF THE 7TH
Topeka Tornados batting - Pitching for Otsego Bulldogs : LHP Jeff Hardin
Batting: LHB Ramón Pérez 0-0: Called Strike
0-1: Ball
1-1: Swinging Strike
1-2: Foul Ball, location: 2F
1-2: Strikes out swinging
Batting: RHB Armando Méndez 0-0: Fly out, F7 (Line Drive, 78M)
Batting: LHB Morgan Wright 0-0: Called Strike
0-1: Fly out, F8 (Line Drive, 89XD)
Top of the 7th over - 0 run(s), 0 hit(s), 0 error(s), 0 left on base; Topeka 3 - Otsego 2
BOTTOM OF THE 7TH
Otsego Bulldogs batting - Pitching for Topeka Tornados : RHP Masamichi Samurakami
Batting: RHB Juan Pérez 0-0: Called Strike
0-1: Ball
1-1: Swinging Strike
1-2: Strikes out swinging
Batting: RHB Kyung-bok Cho 0-0: Called Strike
0-1: Foul Ball, location: 2F
0-2: Ball
1-2: SINGLE (Flyball, 4D)
Batting: LHB Martin Davis 0-0: Ball
1-0: Foul Ball, location: 2F
1-1: Ball
2-1: Called Strike
2-2: Grounds into double play, 6-4-3 (Groundball, 6)
Bottom of the 7th over - 0 run(s), 1 hit(s), 0 error(s), 0 left on base; Topeka 3 - Otsego 2
TOP OF THE 8TH
Topeka Tornados batting - Pitching for Otsego Bulldogs : LHP Jeff Hardin
Batting: RHB Alberto Campos 0-0: Ball
1-0: Called Strike
1-1: Ball
2-1: Ground out U3 (Groundball, 3S)
Pitching: RHP Ricardo Trujillo
Batting: SHB Martín Medina 0-0: Called Strike
0-1: Ball
1-1: Ground out 6-3 (Groundball, 6M)
Batting: LHB Yoshiaki Ohayashi 0-0: Ball
1-0: Called Strike
1-1: Ball
2-1: Foul Ball, location: 2F
2-2: Ball
3-2: DOUBLE (Groundball, 5L)
Batting: RHB Bob Hall 0-0: SINGLE (Groundball, 6MD)
Yoshiaki Ohayashi to third
Runner from 3rd tries for Home, SAFE, no throw or cutoff
Batting: RHB Don Thomas 0-0: Called Strike
0-1: Swinging Strike
0-2: Strikes out swinging
Top of the 8th over - 1 run(s), 2 hit(s), 0 error(s), 1 left on base; Topeka 4 - Otsego 2
BOTTOM OF THE 8TH
Otsego Bulldogs batting - Pitching for Topeka Tornados : RHP Masamichi Samurakami
Pitching: LHP Enrique Muńóz
Batting: LHB Mario Cornelo 0-0: Called Strike
0-1: DOUBLE (Line Drive, 8RS)
Batting: RHB Armando Cuevas 0-0: Foul Ball, location: 2F
0-1: DOUBLE (Line Drive, 89M)
Mario Cornelo scores
Pinch Hitting: RHB Jesús Tisnado 0-0: Foul Ball, location: 2F
0-1: Foul Ball, location: 2F
0-2: Foul Ball, location: 2F
0-2: Strikes out swinging
Batting: RHB Cristo García 0-0: Ball
1-0: Ball
2-0: Foul Ball, location: 2F
2-1: Called Strike
2-2: SINGLE (Groundball, 56S) (infield hit)
Armando Cuevas to third
Batting: RHB Jim Beck 0-0: Foul Ball, location: 2F
0-1: Grounds into double play, 1-4-3 (Groundball, 13)
Bottom of the 8th over - 1 run(s), 3 hit(s), 0 error(s), 1 left on base; Topeka 4 - Otsego 3
TOP OF THE 9TH
Topeka Tornados batting - Pitching for Otsego Bulldogs : RHP Ricardo Trujillo
Pitching: RHP Kenshin Kubota
Now at 1B: Jesús Tisnado
Batting: RHB Gabriel Santana 0-0: Ball
1-0: Swinging Strike
1-1: Ball
2-1: Swinging Strike
2-2: Strikes out swinging
Batting: LHB Ramón Pérez 0-0: Ball
1-0: Ball
2-0: Called Strike
2-1: Ball
3-1: Called Strike
3-2: Fly out, F9 (Flyball, 89M)
Batting: RHB Armando Méndez 0-0: Ball
1-0: Called Strike
1-1: Called Strike
1-2: Strikes out swinging
Top of the 9th over - 0 run(s), 0 hit(s), 0 error(s), 0 left on base; Topeka 4 - Otsego 3
BOTTOM OF THE 9TH
Otsego Bulldogs batting - Pitching for Topeka Tornados : LHP Enrique Muńóz
Pitching: RHP Larry Jones
Batting: RHB Felipe Rego 0-0: Foul Ball, location: 2F
0-1: Foul Ball, location: 2F
0-2: Strikes out swinging
Batting: RHB Juan Pérez 0-0: TRIPLE (Line Drive, 8RM)
Batting: RHB Kyung-bok Cho 0-0: Bunted foul
Squeeze bunt is on, Juan Pérez is out
0-2: Ball
1-2: Ball
2-2: SINGLE (Groundball, 6MD)
Batting: LHB Martin Davis 0-0: Called Strike
0-1: Called Strike
0-2: SINGLE (Line Drive, 3D)
Kyung-bok Cho to second
Runner from 2nd tries for 3rd, SAFE, throw made to third
Batting: LHB Mario Cornelo 0-0: Ball
1-0: SINGLE (Line Drive, 78M)
Kyung-bok Cho scores
Martin Davis to second
Batting: RHB Armando Cuevas 0-0: Ball
1-0: Ball
2-0: SINGLE (Line Drive, 9S)
Martin Davis to third
Mario Cornelo to second
Runner from 3rd tries for Home, SAFE, no throw or cutoff
Monday, December 5th, 2016 - OOTP Baseball 17.12 Build 75